 Dungeon Crawl Stone Soup version 0.28.0-53-g5a82cb258f (webtiles) character file.

Game seed: 2627829142353238330

33039 LLlMATKO the Cleaver (level 13, 0/119 HPs)
             Began as a Minotaur Berserker on July 13, 2022.
             Was a High Priest of Trog.
             Succumbed to a redback's poison
             ... on level 3 of the Lair of Beasts.
             The game lasted 00:20:20 (18978 turns).

LLlMATKO the Cleaver (Minotaur Berserker)          Turns: 18978, Time: 00:20:21

Health: 0/119      AC: 27    Str: 25    XL:     13   Next: 34%
Magic:  12/12      EV: 22    Int:  4    God:    Trog [*****.]
Gold:   1678       SH: 10    Dex: 12    Spells: 12/12 levels left

rFire   . . .      SeeInvis +   q - +2 war axe (elec)
rCold   + . .      Faith    .   Q - +0 kite shield
rNeg    . . .      Spirit   .   y - +0 crystal plate armour
rPois   .          Reflect  .   (helmet restricted)
rElec   .          Harm     .   E - +2 cloak
rCorr   .          Rampage  .   h - +0 pair of gloves
Will    .....                   (no boots)
Stlth   ..........              z - amulet of the acrobat
HPRegen 0.29/turn               f - ring of see invisible
MPRegen 0.13/turn               o - ring of protection from cold

@: lethally poisoned (0 -> -7), on berserk cooldown, acrobatic, slowed, very
slow
A: horns 2, retaliatory headbutt
a: Renounce Religion, Berserk, Trog's Hand, Brothers in Arms


You were on level 3 of the Lair of Beasts.
You worshipped Trog.
Trog was extremely pleased with you.
You visited 2 branches of the dungeon, and saw 16 of its levels.
You also visited: Sewer and Bailey.

You collected 1678 gold pieces.

Inventory:

Hand Weapons
 n - a +0 arbalest
 q - a +2 war axe of electrocution (weapon)
 w - a +0 hand axe of flaming
Missiles
 b - 27 poisoned darts (quivered)
 g - 69 bolts
 B - 7 javelins
 L - 11 throwing nets
Armour
 h - a +0 pair of gloves (worn)
 y - a +0 crystal plate armour (worn)
 E - a +2 cloak (worn)
 Q - a +0 kite shield (worn)
Jewellery
 d - a ring of positive energy
 f - a ring of see invisible (left hand)
 m - a ring of fire
 o - a ring of protection from cold (right hand)
 z - an amulet of the acrobat (around neck)
 C - a ring of magical power
 D - an amulet of faith
 N - a ring of flight
 T - a +6 ring of dexterity
Wands
 l - a wand of mindburst (8)
 u - a wand of acid (13)
 v - a wand of iceblast (3)
 A - a wand of paralysis (10)
 H - a wand of flame (24)
 S - a wand of digging (3)
Scrolls
 a - 2 scrolls of brand weapon
 j - 9 scrolls of teleportation
 r - 13 scrolls of identify
 t - 5 scrolls of immolation
 J - 4 scrolls of fog
 K - 2 scrolls of amnesia {unknown}
 O - 2 scrolls of magic mapping {unknown}
 P - a scroll of vulnerability {unknown}
 U - a scroll of enchant armour
 V - a scroll of summoning {unknown}
 W - a scroll of blinking
Potions
 c - 4 potions of flight {unknown}
 e - 9 potions of curing
 i - 3 potions of mutation {unknown}
 k - 4 potions of haste
 p - 2 potions of magic {unknown}
 s - 2 potions of cancellation {unknown}
 x - 3 potions of berserk rage {unknown}
 G - 5 potions of attraction {unknown}
 I - a potion of brilliance {unknown}
 M - 2 potions of might {unknown}
 R - 2 potions of lignification {unknown}
 X - a potion of degeneration {unknown}
Miscellaneous
 F - a piece from Xom's chessboard (15/15)


   Skills:
 + Level 12.7 Fighting
 + Level 12.8 Axes
 - Level 10.0 Crossbows
 + Level 12.5 Armour
 + Level 11.5 Dodging
 + Level 7.1 Shields


You had 12 spell levels left.
You didn't know any spells.
Your spell library was empty.

Dungeon Overview and Level Annotations

Branches:
Dungeon (13/15)            Temple (0/1) D:6            Lair (3/6) D:10
 Shoals (0/4) Lair:2       Spider (0/4) Lair:3          Orc (0/2) D:9
  Sewer (visited)          Bailey (visited)
 Vaults: D:13-14

Altars:
Yredelemnul

Shops:
D:3 (   D:6 [   D:9 =


Innate Abilities, Weirdness & Mutations

You have a pair of horns on your head.
You reflexively headbutt those who attack you in melee.


Message History

You are engulfed in flames!
* * * LOW HITPOINT WARNING * * *
You block the fire crab's attack.
The jumping spider pounces on you but does no damage.
You block the jumping spider's attack.
You barely miss the fire crab. You headbutt the fire crab.
The fire crab is severely wounded.
You hit the jumping spider.
* * * LOW HITPOINT WARNING * * *
You feel very sick.
The jumping spider pounces on you but does no damage.
The jumping spider barely misses you.
The fire crab bites you but does no damage.
You block the fire crab's attack.
You slash the fire crab!
You kill the fire crab!
Trog accepts your kill.
You slash the jumping spider!
You kill the jumping spider!
Trog accepts your kill. Trog grants you a weapon!
Something appears at your feet!
You see here a +2 lajatang.
* * * LOW HITPOINT WARNING * * *
You feel very sick.
* * * LOW HITPOINT WARNING * * *
You feel sick.
You are too berserk!
Unknown command.
You are too berserk!
There is a lethal amount of poison in your body!
There is a lethal amount of poison in your body!
You feel a strong urge to attack something.
* * * LOW HITPOINT WARNING * * *
You feel sick.
You are no longer berserk.
You are exhausted.
You feel yourself slow down.
* * * LOW HITPOINT WARNING * * *
You feel sick.
You die...

.≈.............# ##.........
P.♣............# #.......##.
≈SP............# ##[....####
≈♣.............# ##....##
♣..............# ##.....#
♣......!.......#######......#
♣..............##.#..#.....##
..................†........#
..>.t.......†.@............#
...○........#)..............#
...........##..............##
..#..#######.^.#######.....#
.###P #^..## ##....♣ # .^.^^#
....♣ #..^.## ...♣♣ #...^^
#...^.#


There were no monsters in sight!

Vanquished Creatures
  Frances (D:13)
  3 hydras
  Harold (D:7)
  Erolcha (D:10)
  A boulder beetle (D:11)
  A two-headed ogre (D:11)
  A tengu warrior (D:11)
  Nergalle (D:10)
  A fire crab (shapeshifter) (D:13)
  A fire crab (Lair:3)
  Pikel (D:7)
  A deep elf pyromancer (D:11)
  A deep elf zephyrmancer (D:7)
  2 ugly things
  An orc knight (D:12)
  A cyclops (D:11)
  A manticore (D:11)
  A gargoyle (D:11)
  4 black mambas
  5 cane toads
  Maggie (D:7)
  3 unseen horrors
  Psyche (D:11)
  6 komodo dragons
  A kobold demonologist (D:11)
  The ghost of Metae the Skirmisher, an amateur MiAK of Lugonu (D:5)
  A polar bear (Lair:1)
  A troll (D:12)
  A jumping spider (Lair:3)
  A wraith (D:12)
  A vampire (D:11)
  4 wyverns
  Grum (Bailey)
  46 yaks
  A redback (Lair:3)
  A steam dragon (D:9)
  Menkaure (D:7)
  A swamp worm (Lair:1)
  A warg (shapeshifter) (D:11)
  A warg (D:12)
  4 acid dragons (D:11)
  4 water moccasins
  Pargi (D:3)
  7 orc warriors
  A boggart (D:11)
  2 sky beasts
  2 necrophages
  An ogre (D:5)
  5 wolves (Bailey)
  8 centaurs
  2 phantoms
  3 kobold brigands
  7 bullfrogs
  A wyvern zombie (D:6)
  10 gnoll sergeants
  2 scorpions
  3 killer bees (D:11)
  5 wights (D:9)
  3 electric eels (Lair:3)
  4 howler monkeys
  5 centaur zombies
  3 hounds
  4 orc priests
  6 gnoll shamans (Bailey)
  2 iguanas
  Natasha (thrice) (D:3)
  2 centaur skeletons (D:7)
  9 orc wizards
  22 gnolls
  6 adders
  A howler monkey skeleton (D:7)
  2 white imps (D:6)
  An ufetubus (D:6)
  4 worms
  32 orcs
  15 bats
  7 endoplasms
  6 giant cockroaches
  4 goblins
  3 hobgoblins
  21 kobolds
  5 quokkas
  7 ball pythons
  4 frilled lizards
  4 rats
358 creatures vanquished.

Vanquished Creatures (others)
  A deep elf pyromancer (D:10)
  3 fungi (Lair:2)
  55 plants
59 creatures vanquished.

Grand Total: 417 creatures vanquished

Notes
Turn   | Place    | Note
-------+----------+-------------------------------------------
     0 | D:1      | LLlMATKO the Minotaur Berserker began the quest for the
                  | Orb.
     0 | D:1      | Reached XP level 1. HP: 19/19 MP: 0/0
   514 | D:1      | Reached XP level 2. HP: 27/27 MP: 1/1
   701 | D:1      | Found a faded altar of an unknown god.
  1437 | D:2      | Reached XP level 3. HP: 28/33 MP: 2/2
  2083 | D:2      | Reached ** piety under Trog
  2468 | D:3      | Noticed Natasha
  2476 | D:3      | Killed Natasha
  2477 | D:3      | Reached XP level 4. HP: 22/41 MP: 3/3
  2833 | D:3      | Noticed Natasha
  2844 | D:3      | Killed Natasha
  3434 | D:3      | Found Litan's Weapon Shop.
  3438 | D:3      | Noticed Pargi
  3450 | D:3      | Killed Pargi
  3451 | D:3      | Reached skill level 1 in Crossbows
  3451 | D:3      | Reached XP level 5. HP: 47/47 MP: 4/4
  3547 | D:3      | Noticed Natasha
  3553 | D:3      | Killed Natasha
  3598 | D:3      | Reached skill level 5 in Axes
  3833 | D:4      | Found a glowing drain.
  3842 | Sewer    | Entered a sewer
  3885 | Sewer    | Noticed a water moccasin
  3891 | Sewer    | Killed a water moccasin
  3892 | Sewer    | Reached skill level 5 in Fighting
  3892 | Sewer    | Reached XP level 6. HP: 48/56 MP: 5/5
  4087 | D:4      | Reached *** piety under Trog
  4208 | D:4      | Reached XP level 7. HP: 52/61 MP: 6/6
  4504 | D:5      | Entered Level 5 of the Dungeon
  4504 | D:5      | Found a runed translucent door.
  4505 | D:5      | Noticed Metae's ghost (amateur MiAK)
  4519 | D:5      | Reached skill level 5 in Armour
  4779 | D:5      | Reached skill level 5 in Dodging
  4783 | D:5      | Reached XP level 8. HP: 71/71 MP: 7/7
  5142 | D:5      | Killed Metae's ghost
  5202 | D:6      | Found a staircase to the Ecumenical Temple.
  5537 | D:6      | Reached skill level 5 in Crossbows
  5599 | D:6      | Found Moleumat's Antique Armour Shoppe.
  5790 | D:7      | Noticed Menkaure
  5795 | D:7      | Killed Menkaure
  5796 | D:7      | Reached XP level 9. HP: 79/79 MP: 8/8
  5813 | D:7      | Reached **** piety under Trog
  5816 | D:7      | Noticed Pikel
  5821 | D:7      | Killed Pikel
  5872 | D:7      | Noticed Harold
  5882 | D:7      | Killed Harold
  5887 | D:7      | Noticed a komodo dragon
  5896 | D:6      | Killed a komodo dragon
  5926 | D:7      | Noticed Maggie
  5936 | D:7      | HP: 4/82 [Maggie/bolt of fire (19)]
  5939 | D:7      | Killed Maggie
  6111 | D:7      | Found a flagged portal.
  6166 | Bailey   | Entered a bailey
  6174 | Bailey   | Reached XP level 10. HP: 81/90 MP: 9/9
  6380 | Bailey   | Noticed Grum
  6388 | Bailey   | Identified the +9 rapier of Reapportionment {flame, Str+4}
  6390 | Bailey   | Killed Grum
  7479 | D:7      | Noticed a deep elf zephyrmancer
  7484 | D:7      | Killed a deep elf zephyrmancer
  8340 | D:8      | Reached skill level 10 in Axes
  8343 | D:8      | Reached XP level 11. HP: 81/99 MP: 10/10
  8689 | D:9      | Found Seplimon's Jewellery Boutique.
  8738 | D:9      | Reached skill level 10 in Fighting
  8812 | D:9      | Found a staircase to the Orcish Mines.
  9560 | D:9      | Found a basalt altar of Yredelemnul.
  9707 | D:10     | Entered Level 10 of the Dungeon
  9806 | D:10     | Noticed Erolcha
  9813 | D:10     | Killed Erolcha
  9855 | D:10     | Reached ***** piety under Trog
  9864 | D:10     | Reached skill level 10 in Armour
  9872 | D:10     | Noticed Nergalle
  9884 | D:10     | Killed Nergalle
  9973 | D:10     | Killed a deep elf pyromancer
 10623 | D:10     | Found a staircase to the Lair.
 11025 | D:11     | Reached skill level 1 in Shields
 11156 | D:11     | Noticed Psyche
 11165 | D:11     | Killed Psyche
 11508 | D:11     | Noticed a four-headed hydra
 11513 | D:11     | Noticed a deep elf pyromancer
 11518 | D:11     | Killed a one-headed hydra
 11530 | D:11     | Killed a deep elf pyromancer
 11735 | D:11     | Reached XP level 12. HP: 110/110 MP: 11/11
 11746 | D:11     | Reached skill level 10 in Dodging
 12136 | D:11     | Received a gift from Trog
 12589 | D:11     | Noticed a two-headed ogre
 12601 | D:11     | Killed a two-headed ogre
 12901 | D:11     | Noticed a tengu warrior
 12913 | D:11     | Killed a tengu warrior
 13112 | D:11     | Noticed a boulder beetle
 13123 | D:11     | Killed a boulder beetle
 14940 | D:12     | Noticed a four-headed hydra
 14954 | D:12     | Killed a one-headed hydra
 14955 | D:12     | Reached skill level 10 in Crossbows
 15150 | D:12     | Reached skill level 5 in Shields
 15925 | D:13     | Noticed Frances
 15942 | D:13     | HP: 3/168 [Frances/+4 vorpal hand axe (9)]
 15943 | D:13     | Killed Frances
 16323 | Lair:1   | Entered Level 1 of the Lair of Beasts
 16330 | Lair:1   | Noticed an eight-headed hydra
 16343 | Lair:1   | Killed a one-headed hydra
 16854 | Lair:1   | Reached XP level 13. HP: 74/118 MP: 12/12
 17814 | Lair:2   | Found a staircase to the Shoals.
 18960 | Lair:3   | Found a hole to the Spider Nest.
 18974 | Lair:3   | Received a gift from Trog
 18975 | Lair:3   | HP: 7/178 [poisoned by a redback]
 18977 | Lair:3   | HP: 3/119 [poisoned by a redback]
 18978 | Lair:3   | Succumbed to a redback's poison

Illustrated notes

Levels and vault maps discovered:
D:1:      dpeg_arrival_three_same_balls, layout_basic,
          ebering_ecumenical_altar_webs
D:2:      layout_loops_corners
D:3:      layout_basic, serial_shops, nicolae_shop_stone, uniq_pargi,
          uniq_natasha
D:4:      minmay_angry_zag, layout_cave_pools, portal_sewer_entry_a,
          hangedman_abyss_or_decor_passed
D:5:      layout_rooms, ebering_ghost_inner_flame, minmay_misc_feat_doors
D:6:      layout_cave_pools, minmay_temple_entry_offerings, serial_shops, shop
D:7:      layout_cave_pools, enter_bailey_8, guppyfry_early_elven_hall,
          uniq_maggie, uniq_harold, uniq_pikel, uniq_menkaure
D:8:      layout_loops_ring
D:9:      layout_basic, lemuel_coloured_pillars_altar, orc_0_dummy,
          serial_shops, shop, item_on_display_a
D:10:     layout_rooms, david_lair_shrubbed, lemuel_flamethrower_hall,
          uniq_nergalle, uniq_erolcha
D:11:     nzn_winding_woodlands_medium [nzn_winding_woodlands_5x5_closed_star,
          nzn_winding_woodlands_5x15_split_checker,
          nzn_winding_woodlands_5x5_checkerboard,
          nzn_winding_woodlands_5x5_perimeter,
          nzn_winding_woodlands_center_triple_pond,
          nzn_winding_woodlands_5x5_cross, nzn_winding_woodlands_5x5_three,
          nzn_winding_woodlands_5x15_pathside_ponds,
          nzn_winding_woodlands_hourglass], layout_stronghold, uniq_psyche
D:12:     layout_basic
D:13:     layout_loops_cross, david_vaults_4, uniq_urug, uniq_frances
Lair:1:   layout_big_grid, chequers_serial_rivers_small_a, worms_lemuel,
          serial_bayou_shore_b
Lair:2:   layout_regular_city, minmay_shoals_entry_centaurs
Lair:3:   layout_long_grid, spider_nest_entry_funnel_web, serial_bayou,
          serial_bayou_lagoon_a, serial_bayou_ford_a, serial_bayou_pond_e,
          serial_bayou_shore_b, serial_bayou_crossing, serial_bayou_lagoon_b

Skill      XL: |  1  2  3  4  5  6  7  8  9 10 11 12 13 |
---------------+----------------------------------------+-----
Axes           | 4 5 6 7 8 10 11 12 | 12.8
Fighting       | 4 5 6 7 8 9 11 12 | 12.7
Armour         | 3 4 5 6 8 9 10 12 | 12.5
Dodging        | 3 4 5 6 7 8 9 11 | 11.5
Crossbows      | 1 2 3 5 6 8 9 10 | 10.0
Shields        | 2 6 7 |  7.1

Action                   |  1- 3 |  4- 6 |  7- 9 | 10-12 | 13-15 || total
-------------------------+-------+-------+-------+-------+-------++-------
Melee: Hand axe          |    69 |    82 |       |    26 |       ||   177
       Headbutt          |    15 |    19 |    40 |   130 |    23 ||   227
       Punch             |       |     2 |     2 |     4 |       ||     8
       War axe           |       |    37 |   137 |   546 |   104 ||   824
Throw: Dart              |       |     3 |       |       |     2 ||     5
Invok: Berserk           |     1 |     3 |     2 |    12 |     1 ||    19
  Use: Scroll            |       |     4 |     5 |     1 |       ||    10
 Stab: Sleeping          |     1 |       |       |       |       ||     1
Armor: Animal skin       |    15 |       |       |       |       ||    15
       Ring mail         |     3 |    17 |       |       |       ||    20
       Troll leather arm |       |    49 |    57 |     3 |       ||   109
       Crystal plate arm |       |       |       |   431 |    62 ||   493
Dodge: Dodged            |    27 |   102 |   131 |   261 |    43 ||   564
Block: Kite shield       |       |       |       |   164 |    52 ||   216
